 Dungeon Crawl Stone Soup version 0.27.0-1-g7a089689b8 (webtiles) character file.

Game seed: 9362353563413641983

174232 SnakkuSnakku7 the Severer (level 17, -7/154 HPs)
             Began as a Deep Dwarf Fire Elementalist on Aug 14, 2021.
             Was the Champion of Makhleb.
             Killed from afar by a will-o-the-wisp (26 damage)
             ... with a foxfire
             ... on level 2 of the Swamp.
             The game lasted 01:16:14 (30445 turns).

SnakkuSnakku7 the Severer (DDFE)                   Turns: 30445, Time: 01:16:15

Health: -7/154     AC: 32    Str: 17    XL:     17   Next: 44%
Magic:  7/7        EV:  6    Int: 18    God:    Makhleb [******]
Gold:   556        SH:  0    Dex: 13    Spells: 19/19 levels left

rFire    . . .     SeeInvis .   a - +3 battleaxe (vamp)
rCold    . . .     Faith    .   (shield currently unavailable)
rNeg     + . .     Spirit   .   I - +1 plate armour {Will+}
rPois    .         Reflect  .   h - +2 helmet
rElec    .         Harm     .   e - +2 cloak {Stlth+}
rCorr    .         Rampage  .   o - +2 pair of gloves
Will     +++..                  c - +2 pair of boots
Stlth    ..........             (no amulet)
HPRegen  0.00/turn              k - +4 ring of protection
MPRegen  0.10/turn              L - +4 ring of slaying

@: studying Summonings
A: damage resistance, heal wounds, negative energy resistance 1, sense
surroundings 2, no regeneration
a: Heal Wounds, Renounce Religion, Minor Destruction, Lesser Servant of Makhleb,
Major Destruction, Greater Servant of Makhleb


You were on level 2 of the Swamp.
You worshipped Makhleb.
Makhleb was exalted by your worship.
You visited 5 branches of the dungeon, and saw 26 of its levels.
You also visited: Ice Cave.

You collected 2880 gold pieces.
You spent 2324 gold pieces at shops.

Inventory:

Hand Weapons
 a - a +3 vampiric battleaxe (weapon)
 b - a +0 war axe of flaming
 t - the +7 trident "Lusur" {pain, Str+4}
   (You found it on level 1 of the Lair of Beasts)

   In the hands of one skilled in necromantic magic, it inflicts extra damage on
   living creatures.
   Str:       It affects your strength (+4).
Missiles
 R - a throwing net
 V - 10 curare-tipped darts (quivered)
Armour
 c - a +2 pair of boots (worn)
 e - a +2 cloak of stealth (worn)
 h - a +2 helmet (worn)
 o - a +2 pair of gloves (worn)
 I - a +1 plate armour of willpower (worn)
 K - a scarf of resistance
Jewellery
 k - a +4 ring of protection (left hand)
 l - the ring of Ifirghil {Ice rElec rN+ Will- Dex+4}
   (You found it in an ice cave)

   [ring of ice]

   It enhances your ice magic.
   Dex:       It affects your dexterity (+4).
   rF:        It makes you vulnerable to fire.
   rC:        It protects you from cold.
   rElec:     It insulates you from electricity.
   rN:        It protects you from negative energy.
   Will:      It decreases your willpower.
 v - a ring of protection from cold
 L - a +4 ring of slaying (right hand)
 P - a +4 ring of evasion
 T - the ring of Fenircha {rF+ rCorr Int+7}
   (You found it on level 15 of the Dungeon)

   [ring of protection from fire]

   Int:       It affects your intelligence (+7).
   rF:        It protects you from fire.
   rCorr:     It protects you from acid and corrosion.
 W - a ring of see invisible
 Z - a ring of willpower
Wands
 d - a wand of flame (45)
 q - a wand of charming (8)
 y - a wand of iceblast (55)
 B - a wand of acid (1)
 D - a wand of polymorph (21)
 E - a wand of digging (7)
 M - a wand of paralysis (4)
Scrolls
 f - 3 scrolls of identify
 i - 2 scrolls of teleportation
 p - 5 scrolls of magic mapping
 r - 5 scrolls of amnesia
 N - a scroll of summoning
 U - a scroll of fog
Potions
 g - 4 potions of resistance
 n - 4 potions of mutation
 s - 3 potions of heal wounds
 u - 3 potions of haste
 w - 8 potions of curing
 z - 4 potions of attraction
 A - a potion of invisibility
 C - a potion of berserk rage
 G - 5 potions of flight
 H - 9 potions of might
 J - 2 potions of magic
 Q - 4 potions of cancellation
 S - 2 potions of brilliance
Miscellaneous
 x - a condenser vane (inert)
 Y - a phantom mirror


   Skills:
 - Level 10.4 Fighting
 + Level 16.0(18.0) Axes
 - Level 12.6(15.0) Polearms
 - Level 4.0 Throwing
 - Level 9.1 Armour
 - Level 2.1 Dodging
 - Level 2.4 Stealth
 - Level 15.0 Shields
 - Level 1.7 Spellcasting
 - Level 0.8 Conjurations
 - Level 8.0 Necromancy
 - Level 2.6 Fire Magic
 - Level 15.0 Invocations
 - Level 6.7 Evocations


You had 19 spell levels left.
You didn't know any spells.
Your spell library contained the following spells:

 Spells                   Type           Power      Damage    Failure   Level
 Sublimation of Blood     Necr           15%        N/A       30%         2
 Animate Dead             Necr           15%        N/A       89%         4
 Dispel Undead            Necr           30%        3d14      89%         4
 Foxfire                  Conj/Fire      28%        2x1d5     95%         1
 Blink                    Tloc           N/A        N/A       100%        2
 Slow                     Hex            1%         N/A       100%        2
 Static Discharge         Conj/Air       3%         N/A       100%        2
 Confusing Touch          Hex            1%         N/A       100%        3
 Conjure Flame            Conj/Fire      7%         6-21      100%        3
 Dazzling Flash           Conj/Hex       6%         N/A       100%        3
 Frozen Ramparts          Ice            2%         1d2       100%        3
 Inner Flame              Hex/Fire       6%         N/A       100%        3
 Lesser Beckoning         Tloc           0%         N/A       100%        3
 Ozocubu's Armour         Ice            1%         N/A       100%        3
 Ice Form                 Ice/Tmut       1%         N/A       100%        4
 Iskenderun's Mystic Bla  Conj/Tloc      3%         2d3       100%        4
 Leda's Liquefaction      Hex/Erth       0%         N/A       100%        4
 Petrify                  Tmut/Erth      1%         N/A       100%        4
 Sticky Flame             Conj/Fire      7%         2d3       100%        4
 Summon Ice Beast         Ice/Summ       1%         N/A       100%        4
 Summon Lightning Spire   Summ/Air       1%         N/A       100%        4
 Blade Hands              Tmut           0%         N/A       100%        5
 Bolt of Magma            Conj/Fire/Erth 2%         4d4       100%        5
 Fireball                 Conj/Fire      3%         3d4       100%        5
 Irradiate                Conj/Tmut      1%         3d14      100%        5
 Manifold Assault         Tloc           1%         N/A       100%        5
 Metabolic Englaciation   Hex/Ice        0%         N/A       100%        5
 Yara's Violent Unravell  Hex/Tmut       0%         3d3       100%        5
 Simulacrum               Ice/Necr       7%         N/A       100%        6
 Starburst                Conj/Fire      3%         8x6d3     100%        6
 Statue Form              Tmut/Erth      0%         N/A       100%        6
 Dragon Form              Tmut           0%         N/A       100%        7
 Haunt                    Necr/Summ      7%         N/A       100%        7
 Storm Form               Tmut/Air       0%         N/A       100%        7
 Infestation              Necr           15%        N/A       100%        8
 Maxwell's Capacitive Co  Air            0%         ∞         100%        8


Dungeon Overview and Level Annotations

Branches:
Dungeon (15/15)            Temple (1/1) D:7            Lair (6/6) D:9
  Swamp (2/4) Lair:3       Spider (0/4) Lair:4        Slime (0/5) Lair:6
    Orc (2/2) D:12            Elf (0/3) Orc:2        Vaults (0/5) D:13
 Depths (0/5) D:15          IceCv (visited)

Altars:
Ashenzari
Cheibriados
Dithmenos
Elyvilon
Fedhas
Gozag
Hepliaklqana
Kikubaaqudgha
Makhleb
Nemelex Xobeh
Okawaru
Qazlal
Ru
Sif Muna
Trog
Uskayaw
Vehumet
Wu Jian
Xom
Yredelemnul
Zin
The Shining One

Shops:
D:3 [   D:13 [   Orc:2 *!=*

Annotations:
Lair:6 Nessos
Swamp:2 Louise


Innate Abilities, Weirdness & Mutations

You are resistant to damage.
You can heal yourself by infusing magical energy.
You resist negative energy. (rN+)
You passively map the area around you.
You do not regenerate.


Message History

Moving in this stuff is going to be slow.
Found a stone staircase leading down.
Found a potion of heal wounds and 20 arrows.
Found a stone staircase leading up.
Found 26 sling bullets.
A will-o-the-wisp comes into view.
The will-o-the-wisp gives a chilling moan.
A tyrant leech comes into view.
The will-o-the-wisp gestures.
The will-o-the-wisp conjures some foxfire! 2 foxfires come into view.
The foxfire hits you but does no damage.
The foxfire hits you!!
The will-o-the-wisp gestures.
The will-o-the-wisp conjures some foxfire! 2 foxfires come into view.
A will-o-the-wisp comes into view.
The will-o-the-wisp gives a chilling moan.
The foxfire hits you!!
* * * LOW HITPOINT WARNING * * *
The foxfire hits you!
* * * LOW HITPOINT WARNING * * *
The will-o-the-wisp gestures.
The will-o-the-wisp conjures some foxfire!
The will-o-the-wisp gestures.
The will-o-the-wisp conjures some foxfire! 3 foxfires come into view.
Okay, then.
You feel much better. The foxfire hits you!!
* * * LOW HITPOINT WARNING * * *
The foxfire hits you but does no damage.
The will-o-the-wisp gestures.
The will-o-the-wisp conjures some foxfire!
The will-o-the-wisp blinks! 2 foxfires come into view.
Unknown command.
You feel much better. The foxfire hits you.
* * * LOW HITPOINT WARNING * * *
The foxfire hits you!!
You die...

≈.♣♣ ♣....≈♣♣♣...♣♣
♣♣.≈≈≈≈≈§..≈ ≈.♣
♣....≈.≈♣≈≈≈..♣
♣.≈.≈≈...≈≈ ≈.♣
♣♣♣♣♣..≈♣.≈≈≈.♣
♣...§§.♣... ≈.♣
*≈≈≈...≈≈≈.♣ ♣♣♣♣≈.≈♣♣♣♣
.≈♣ ♣.≈≈≈..≈≈.♣♣♣ ♣.≈≈...≈
..♣♣ ♣♣≈≈§.≈≈≈≈.≈♣
♣.≈≈≈.≈≈ ..≈♣ ,,
..≈≈.≈§≈≈..♣♣ * ♣≈≈≈≈.≈≈
♣≈♣♣* ≈
>....≈≈≈§≈§.♣♣≈≈♣♣♣....)≈
♣♣♣
*.....≈§≈@v≈.....♣≈♣♣♣♣§≈≈
♣♣...(w≈vv§...≈≈.≈.* ♣♣♣♣
* * ≈
♣♣....≈§v§..≈≈..≈.♣♣♣♣♣♣ ≈
* ....≈≈.≈≈≈§(......≈≈≈...
,, ≈ *
.≈≈.≈≈..≈≈.§♣♣♣..≈≈§§≈≈≈ ≈
§§..≈≈≈§≈≈.≈§≈≈≈≈≈≈≈≈≈≈≈
≈≈,,,≈≈
.....≈≈≈≈..♣.§≈≈§≈..≈≈≈§ ,
≈≈♣♣.≈≈.≈≈≈...§.≈≈≈≈...≈≈≈
≈ ,< *,≈≈ , ≈.≈......≈§≈≈


You could see a tyrant leech and 2 will-o-the-wisps.

Vanquished Creatures
  Nikola (Swamp:1)
  A tengu reaver (D:12)
  An azure jelly (IceCv)
  The ghost of AyAyRon the Bludgeoner, an adept DsFi of Yredelemnul (D:15)
  Aizul (Lair:3)
  A rockslime (IceCv)
  A frost giant (D:12)
  3 orc warlords
  A stone giant (D:15)
  4 quicksilver oozes (IceCv)
  2 bunyips
  A minotaur (D:15)
  An eleionoma (Swamp:2)
  An ettin (Orc:2)
  Josephine (Swamp:1)
  A fire dragon (Lair:6)
  4 boulder beetles
  The ghost of Tomn the Unseen, a journeyman KoEn of Gozag (Lair:3)
  3 vault guards (D:13)
  A catoblepas (Lair:6)
  A ghost crab (Swamp:1)
  21 two-headed ogres
  11 centaur warriors
  11 hydras
  4 ogre magi (Orc:2)
  3 death knights
  3 alligators
  2 death yaks (Lair:6)
  6 tengu warriors
  Sonja (D:11)
  A fire crab (Lair:6)
  2 goliath frogs (Swamp:2)
  3 bog bodies
  A death drake (Swamp:1)
  A spriggan druid (Swamp:2)
  A wizard (D:14)
  10 orc knights
  2 deep elf pyromancers
  3 orc sorcerers
  8 cyclopes
  A will-o-the-wisp (Swamp:1)
  12 ugly things
  6 manticores
  12 elephants
  14 black mambas
  2 molten gargoyles (Lair:6)
  18 cane toads
  4 unseen horrors
  9 freezing wraiths
  3 tengu conjurers
  18 komodo dragons
  4 entropy weaver simulacra (IceCv)
  A kobold demonologist (D:11)
  5 trolls
  2 very ugly thing simulacra (IceCv)
  A bloated husk (Swamp:1)
  2 queen bees
  A polar bear (Lair:3)
  9 tyrant leeches
  8 hornets
  A meliai (Lair:3)
  Prince Ribbit (D:6)
  Grinder (D:4)
  A raiju (shapeshifter) (D:11)
  47 slime creatures
  18 blink frogs
  17 dream sheep (Lair:6)
  A redback (Lair:4)
  6 spriggans (Swamp:1)
  2 water elementals
  8 wraiths
  44 yaks
  9 basilisks
  5 wyverns
  4 vampires
  Eustachio (D:4)
  8 humans (D:13)
  2 steam dragons (Lair:6)
  12 vampire mosquitoes
  6 swamp worms
  11 wargs
  2 acid dragons (D:12)
  5 demonic crawler simulacra (IceCv)
  16 water moccasins
  4 swamp drakes
  4 hell hounds (Lair:6)
  A black bear (Lair:3)
  An ice beast (D:7)
  42 orc warriors
  A sky beast (D:6)
  An ugly thing simulacrum (IceCv)
  26 ogres
  3 necrophages
  3 boggarts (D:13)
  9 wolves
  19 centaurs
  2 phantoms
  6 kobold brigands
  Blork the orc (D:6)
  14 bullfrogs
  A wyvern zombie (D:5)
  A gnoll sergeant (D:12)
  4 scorpions
  A water moccasin skeleton (D:5)
  9 wights
  25 killer bees
  A troll skeleton (D:14)
  5 spriggan skeletons (D:14)
  2 electric eels (D:14)
  5 howler monkeys
  4 lava snakes (Lair:6)
  A bullfrog zombie (D:6)
  2 centaur zombies
  4 jellies
  2 hounds
  3 bullfrog skeletons
  15 orc priests
  An iguana (D:5)
  16 orc wizards
  Ijyb (D:3)
  A hound skeleton (D:4)
  A howler monkey zombie (D:10)
  A gnoll (Orc:2)
  7 adders
  A howler monkey skeleton (D:6)
  A white imp (D:5)
  3 adder skeletons (D:4)
  A worm (D:5)
  4 dart slugs
  68 orcs
  5 bats
  4 endoplasms
  6 giant cockroaches
  8 goblins
  6 hobgoblins
  2 quokkas
  8 ball pythons
  2 frilled lizards
  28 kobolds
  7 rats
890 creatures vanquished.

Vanquished Creatures (collateral kills)
  An azure jelly (IceCv)
  A hydra (Swamp:1)
  2 swamp worms (Swamp:1)
4 creatures vanquished.

Vanquished Creatures (others)
  An azure jelly (Swamp:1)
  An alligator (Swamp:1)
  A human (D:13)
  147 foxfires
  45 fungi
  46 plants
241 creatures vanquished.

Grand Total: 1135 creatures vanquished

Notes
Turn   | Place    | Note
-------+----------+-------------------------------------------
     0 | D:1      | SnakkuSnakku7 the Deep Dwarf Fire Elementalist began the
                  | quest for the Orb.
     0 | D:1      | Reached XP level 1. HP: 15/15 MP: 3/3
   127 | D:1      | Reached skill level 1 in Fighting
   214 | D:1      | Reached XP level 2. HP: 25/25 MP: 2/4
   493 | D:1      | Found a faded altar of an unknown god.
   542 | D:1      | Reached skill level 1 in Axes
   887 | D:1      | Reached XP level 3. HP: 19/32 MP: 5/5
  1158 | D:2      | Reached skill level 2 in Axes
  1588 | D:3      | Found Rot Iqoz's Armour Boutique.
  1597 | D:3      | Bought a +0 helmet for 45 gold pieces
  1822 | D:3      | Found a shadowy altar of Dithmenos.
  1911 | D:3      | Noticed a necrophage
  1933 | D:3      | Reached skill level 3 in Axes
  1975 | D:3      | Killed a necrophage
  1976 | D:3      | Reached skill level 4 in Axes
  1976 | D:3      | Reached XP level 4. HP: 21/39 MP: 6/6
  1976 | D:3      | Reached XP level 5. HP: 24/45 MP: 7/7
  2486 | D:4      | Reached skill level 5 in Axes
  2504 | D:4      | Noticed an ogre
  2556 | D:4      | Noticed Ijyb
  2636 | D:4      | Noticed Grinder
  2650 | D:4      | Paralysed by Grinder for 5 turns
  2675 | D:4      | Killed Grinder
  2676 | D:4      | Reached skill level 7 in Axes
  2676 | D:4      | Reached XP level 6. HP: 44/52 MP: 1/8
  2792 | D:4      | Reached XP level 7. HP: 42/58 MP: 3/9
  2949 | D:4      | Found an iron altar of Okawaru.
  3077 | D:4      | Reached skill level 8 in Axes
  3237 | D:5      | Entered Level 5 of the Dungeon
  3419 | D:5      | Reached skill level 9 in Axes
  3754 | D:5      | Noticed Eustachio
  3806 | D:4      | Killed Eustachio
  3807 | D:4      | Reached XP level 8. HP: 51/67 MP: 7/10
  3891 | D:5      | Reached skill level 10 in Axes
  4311 | D:6      | Noticed Prince Ribbit
  4388 | D:6      | Reached skill level 11 in Axes
  4463 | D:6      | Noticed Blork the orc
  4637 | D:6      | Reached skill level 1 in Shields
  5481 | D:7      | Gained mutation: You passively map the area around you.
                  | [Deep Dwarf growth]
  5481 | D:7      | Reached XP level 9. HP: 41/69 MP: 11/11
  5613 | D:7      | Found a staircase to the Ecumenical Temple.
  5619 | Temple   | Entered the Ecumenical Temple
  5709 | Temple   | Became a worshipper of Makhleb the Destroyer
  5945 | D:7      | Noticed a two-headed ogre
  6112 | D:7      | Reached skill level 12 in Axes
  6267 | D:7      | Reached skill level 1 in Throwing
  6437 | D:8      | Found a blossoming altar of Fedhas.
  6933 | D:8      | Reached * piety under Makhleb
  7389 | D:3      | Bought a +1 plate armour of willpower for 350 gold pieces
  7509 | D:6      | Killed Blork the orc
  7602 | D:7      | Killed a two-headed ogre
  7603 | D:7      | Reached skill level 5 in Fighting
  8095 | D:9      | Found a staircase to the Lair.
  8298 | D:9      | Reached XP level 10. HP: 48/91 MP: 11/11
  8310 | D:9      | Noticed Maurice
  8501 | D:9      | Found an ornate altar of the Wu Jian Council.
  8592 | D:9      | Reached ** piety under Makhleb
  8703 | D:9      | Noticed a white ugly thing
  9483 | D:9      | Noticed Maurice
  9483 | D:9      | Maurice changed into Maurice the killer bee
  9486 | D:9      | Killed Maurice the killer bee
  9528 | D:10     | Entered Level 10 of the Dungeon
  9676 | D:10     | Reached skill level 1 in Armour
 10693 | D:10     | Noticed a deep elf pyromancer
 10712 | D:10     | Killed a deep elf pyromancer
 10940 | D:10     | Found a broken altar of Ashenzari.
 11055 | Lair:1   | Entered Level 1 of the Lair of Beasts
 11055 | Lair:1   | Noticed a cane toad
 11065 | D:9      | Killed a cane toad
 11066 | D:9      | Reached skill level 5 in Armour
 11307 | Lair:1   | Noticed a black mamba
 11321 | Lair:1   | Killed a black mamba
 11369 | Lair:1   | Noticed a cane toad
 11375 | Lair:1   | Killed a cane toad
 11376 | Lair:1   | Reached XP level 11. HP: 73/103 MP: 11/11
 11582 | Lair:1   | Noticed a six-headed hydra
 11857 | Lair:2   | Reached skill level 5 in Invocations
 12226 | Lair:2   | Reached *** piety under Makhleb
 12574 | Lair:2   | Reached skill level 10 in Invocations
 12997 | Lair:2   | Reached XP level 12. HP: 104/110 MP: 14/14
 13176 | Lair:2   | Reached skill level 1 in Evocations
 13655 | Lair:1   | Killed a six-headed hydra
 13656 | Lair:1   | Reached skill level 5 in Evocations
 13936 | Lair:1   | Identified the +7 trident "Lusur" {pain, Str+4}
 14041 | Lair:1   | Reached skill level 1 in Necromancy
 14251 | Lair:1   | Reached **** piety under Makhleb
 14661 | Lair:3   | Noticed a six-headed hydra
 14667 | Lair:3   | Killed a six-headed hydra
 14696 | Lair:3   | Reached skill level 5 in Necromancy
 15505 | Lair:3   | Found a staircase to the Swamp.
 15569 | Lair:3   | Found a transporter.
 15569 | Lair:3   | Found a transporter.
 15571 | Lair:3   | Noticed Tomn's ghost (journeyman KoEn)
 15927 | Lair:4   | Found a hole to the Spider Nest.
 16009 | Lair:4   | Reached skill level 5 in Shields
 16568 | Lair:5   | Noticed a seven-headed hydra
 16705 | Lair:5   | Reached XP level 13. HP: 106/117 MP: 15/15
 17065 | Lair:5   | Reached ***** piety under Makhleb
 17557 | Lair:6   | Entered Level 6 of the Lair of Beasts
 17633 | Lair:6   | Reached skill level 10 in Shields
 17649 | Lair:6   | Reached skill level 1 in Polearms
 18068 | Lair:6   | Reached skill level 5 in Polearms
 18100 | Lair:6   | Found a staircase to the Slime Pits.
 18217 | Lair:6   | Noticed Nessos
 18580 | Lair:6   | Gained mutation: You resist negative energy. (rN+) [Deep
                  | Dwarf growth]
 18580 | Lair:6   | Reached XP level 14. HP: 87/126 MP: 16/16
 18746 | Lair:6   | Found a large runed translucent door.
 18746 | Lair:6   | Found a large runed translucent door.
 19937 | D:11     | Noticed Sonja
 19940 | D:11     | Killed Sonja
 19954 | D:11     | Reached ****** piety under Makhleb
 19970 | D:11     | Reached skill level 10 in Polearms
 20694 | D:12     | Noticed a tengu reaver
 20762 | D:12     | Noticed a frost giant
 20876 | D:12     | HP: 1/126 [frost giant (25)]
 20889 | D:12     | Killed a frost giant
 20990 | D:12     | Killed a tengu reaver
 21684 | D:12     | Reached XP level 15. HP: 53/132 MP: 12/12
 21720 | D:12     | Found a staircase to the Orcish Mines.
 22236 | Orc:1    | Entered Level 1 of the Orcish Mines
 22290 | Orc:1    | Noticed an orc warlord
 22376 | D:12     | Killed an orc warlord
 22867 | Orc:2    | Entered Level 2 of the Orcish Mines
 22950 | Orc:2    | Found a staircase to the Elven Halls.
 23233 | Orc:2    | Noticed an orc warlord
 23477 | Orc:1    | Reached skill level 15 in Invocations
 23665 | Orc:1    | Killed an orc warlord
 23910 | Orc:2    | Reached skill level 10 in Fighting
 23946 | Orc:2    | Noticed an orc warlord
 23995 | Orc:2    | Killed an orc warlord
 24196 | Orc:2    | Identified the +9 lajatang of the Magic Mushroom {holy,
                  | rElec Str+3}
 24361 | Orc:2    | Found Ebbuna's General Store.
 24361 | Orc:2    | Found Fixzont's Jewellery Shoppe.
 24361 | Orc:2    | Found Odasutil's Distillery.
 24361 | Orc:2    | Found Lidol's General Store.
 24374 | Orc:2    | Bought a scroll of teleportation for 48 gold pieces
 24384 | Orc:2    | Bought 2 potions of might for 136 gold pieces
 24384 | Orc:2    | Bought a potion of might for 68 gold pieces
 24384 | Orc:2    | Bought a potion of curing for 51 gold pieces
 24384 | Orc:2    | Bought a potion of mutation for 136 gold pieces
 24384 | Orc:2    | Bought a potion of resistance for 170 gold pieces
 24384 | Orc:2    | Bought a potion of mutation for 136 gold pieces
 24384 | Orc:2    | Bought a potion of resistance for 170 gold pieces
 24387 | Orc:2    | Bought a +4 ring of slaying for 1014 gold pieces
 24943 | D:13     | Reached XP level 16. HP: 144/147 MP: 13/13
 25169 | D:13     | Identified the +4 chain mail of Autumn {Drain rC+ Str+3
                  | Int+2}
 25415 | D:13     | Found Laudat's Antique Armour Emporium.
 25518 | D:13     | Found a gate to the Vaults.
 26460 | D:15     | Entered Level 15 of the Dungeon
 26620 | D:15     | Found a staircase to the Depths.
 26741 | D:15     | Found a radiant altar of Vehumet.
 26953 | D:15     | Found a white marble altar of Elyvilon.
 27075 | D:15     | Found a runed translucent gate.
 27075 | D:15     | Found a runed translucent gate.
 27075 | D:15     | Found a runed translucent gate.
 27084 | D:15     | Noticed AyAyRon's ghost (adept DsFi)
 27369 | D:15     | Killed AyAyRon's ghost
 27390 | D:15     | Reached skill level 15 in Shields
 27405 | D:15     | Identified the ring of Fenircha {rF+ rCorr Int+7}
 27612 | D:3      | Killed Ijyb
 27677 | D:6      | Killed Prince Ribbit
 28169 | Lair:3   | Paralysed by a hornet for 2 turns
 28206 | Lair:3   | Killed Tomn's ghost
 28540 | Swamp:1  | Entered Level 1 of the Swamp
 28540 | Swamp:1  | Noticed Aizul
 28590 | Lair:3   | Killed Aizul
 28623 | Swamp:1  | Noticed Josephine
 28639 | Swamp:1  | Killed Josephine
 28666 | Swamp:1  | Reached skill level 13 in Axes
 28759 | Swamp:1  | Found a frozen archway.
 28835 | IceCv    | Entered an ice cave
 28973 | IceCv    | Reached XP level 17. HP: 87/154 MP: 1/10
 29071 | IceCv    | Found a viscous altar of Jiyva.
 29094 | IceCv    | Reached skill level 14 in Axes
 29147 | IceCv    | Got the ring of Ifirghil {Ice rElec rN+ Will- Dex+4}
 29618 | Swamp:1  | Noticed Nikola
 29649 | Swamp:1  | Killed Nikola
 29650 | Swamp:1  | Reached skill level 15 in Axes
 30305 | Swamp:2  | Noticed Louise
 30409 | Swamp:2  | Reached skill level 16 in Axes
 30445 | Swamp:2  | Killed from afar by a will-o-the-wisp

Illustrated notes

Levels and vault maps discovered:
D:1:      onia_arrival_mini_spirals, layout_basic,
          hellmonk_ecumenical_altar_inner_sanctum
D:2:      layout_loops_ring, hangedman_abyss_or_decor_lesser_grid,
          minmay_cut_off
D:3:      layout_loops_ring, nicolae_dithmenos_shadow_blocks, serial_shops,
          shop, kennysheep_another_room, minmay_increasing_density
D:4:      layout_rooms, amcnicky_altar_gilded, kennysheep_generic_room_12,
          uniq_grinder, uniq_ijyb
D:5:      minmay_spotlight, layout_rooms, nicolae_zen_rock_garden,
          uniq_eustachio
D:6:      layout_basic, uniq_prince_ribbit1, uniq_blork_the_orc
D:7:      layout_loops_ring, minmay_temple_entry_glass, centaur_isle
D:8:      layout_loops_corners, fedhas_altar_2
D:9:      layout_irregular_city, nicolae_wu_jian_wuxing_cycle,
          erik_lair_orcish_takeover, lightli_corner_chamber, uniq_maurice
D:10:     layout_basic, marbit_many_paths, chequers_decorated_corner
D:11:     layout_roguey, uniq_sonja
D:12:     minmay_heptahexagon, layout_small_grid, orc_0_dummy
D:13:     layout_roguey, ximxim_vaults_locker_room, serial_shops, shop
D:14:     layout_cave_pools, serial_bayou_shore_a, hangedman_tell_no_tales
D:15:     grunt_enter_depths_snipers, layout_loops_ring, vehumet_crystals,
          maelrawn_ghost_gauntlet_escape, nicolae_elyvilon_temple_path
Temple:   minmay_crystal_spiral_temple
Lair:1:   layout_cave_pods, serial_rivers, chequers_serial_rivers_room_a,
          chequers_serial_rivers_room_b, chequers_serial_rivers_small_a,
          chequers_serial_rivers_small_3, special_room [special_room_bee],
          infiniplex_staircase_pool
Lair:2:   layout_roguey, columned_hall_lemuel
Lair:3:   layout_small_grid, minmay_swamp_entry_worms, gammafunk_ghost_hive
Lair:4:   layout_loops_ring, spider_nest_entry_a
Lair:5:   layout_small_grid
Lair:6:   cheibrodos_lair_end_hotspot, layout_gridlike,
          minmay_slime_entry_pillars, lemuel_old_faithful, uniq_nessos
Swamp:1:  layout_basic_swamp, portal_ice_cave_entry_frozen_things,
          evilmike_swamp_ruin_house_1, uniq_nikola, uniq_aizul, uniq_josephine
Swamp:2:  layout_basic_swamp, evilmike_swamp_ruin_house_3, uniq_louise
Orc:1:    layout_diamond_mine
Orc:2:    st_orc_ogre_mass, layout_caves, minmay_orc_treasury

Skill      XL: |  1  2  3  4  5  6  7  8  9 10 11 12 13 14 15 16 17 |
---------------+----------------------------------------------------+-----
Fighting       | 1 6 8 10 | 10.4
Axes           | 1 4 7 9 11 12 13 16 | 16.0
Shields        | 2 3 6 10 11 15 | 15.0
Throwing       | 4 |  4.0
Armour         | 8 9 |  9.1
Invocations    | 11 12 15 | 15.0
Evocations     | 6 |  6.7
Necromancy     | 8 |  8.0
Polearms       | 8 12 | 12.6
Dodging        | |  2.1
Stealth        | |  2.4
Spellcasting   | |  1.7
Conjurations   | |  0.8
Fire Magic     | |  2.6

Action                   |  1- 3 |  4- 6 |  7- 9 | 10-12 | 13-15 | 16-18 || total
-------------------------+-------+-------+-------+-------+-------+-------++-------
Melee: Whip              |    32 |       |       |  1719 |   564 |    45 ||  2360
       Unarmed           |     1 |       |       |       |       |       ||     1
       Hand axe          |   121 |   131 |   284 |   234 |       |       ||   770
       War axe           |       |       |   154 |       |       |    24 ||   178
       Trident           |       |       |       |   138 |  1764 |   500 ||  2402
       Battleaxe         |       |       |       |       |       |   513 ||   513
Throw: Dart              |       |       |    18 |    72 |    10 |       ||   100
 Cast: Foxfire           |    13 |    15 |    55 |       |       |       ||    83
Invok: Minor Destruction |       |       |       |     7 |     2 |       ||     9
       Major Destruction |       |       |       |       |     9 |       ||     9
 Abil: Heal Wounds       |     1 |     4 |    15 |    16 |    33 |    24 ||    93
Evoke: Wand              |       |       |    23 |    43 |     6 |    16 ||    88
       Condenser vane    |       |       |       |       |     2 |     1 ||     3
       Phantom mirror    |       |       |       |       |       |     2 ||     2
  Use: Scroll            |       |     2 |     7 |    11 |    17 |    10 ||    47
       Potion            |       |       |     1 |     3 |     4 |     9 ||    17
 Stab: Sleeping          |     2 |     1 |       |       |       |       ||     3
       Paralysed         |       |       |    13 |       |       |     2 ||    15
       Distracted        |       |       |       |       |       |     2 ||     2
Armor: Ring mail         |    71 |    66 |   125 |       |       |       ||   262
       Plate armour      |       |       |    70 |  1571 |  1243 |  1004 ||  3888
       Skin              |       |       |       |    10 |       |       ||    10
Dodge: Dodged            |    91 |    83 |   163 |   353 |   380 |   280 ||  1350
Block: Buckler           |       |       |    18 |   230 |       |       ||   248
       Kite shield       |       |       |       |   535 |  1378 |   292 ||  2205
